 Dungeon Crawl Stone Soup version 0.26-a0-661-g406de6ba63 (webtiles) character file.

Game seed: 1292969901795816755

115460 polo the Fighter (level 16, -2/131 HPs)
             Began as a Demonspawn Ice Elementalist on Oct 8, 2020.
             Was an Initiate of Gozag.
             Slain by Asterion
             ... wielding a +0 demon blade of electrocution
              (15 damage)
             ... on level 2 of the Snake Pit.
             The game lasted 01:07:43 (31992 turns).

polo the Fighter (Demonspawn Ice Elementalist)     Turns: 31992, Time: 01:07:44

Health: -2/131     AC: 13    Str: 11    XL:     16   Next: 18%
Magic:  31/31      EV: 25    Int: 21    God:    Gozag
Gold:   5527       SH:  5    Dex: 18    Spells: 13/37 levels left

rFire    . . .     SeeInvis .   a - +4 dagger (elec)
rCold    . . .     Faith    .   G - +0 buckler
rNeg     . . .     Spirit   .   x - +2 robe {Archmagi}
rPois    +         Reflect  .   t - +2 hat {MR+}
rElec    .         Harm     .   N - +2 cloak of Jegh {Str+2 Dex+2 Slay+3}
rCorr    +         Rampage  .   (no gloves)
MR       ++...                  (boots unavailable)
Stlth    ++........             m - amulet of the acrobat
HPRegen  0.31/turn              d - ring of poison resistance
MPRegen  0.22/turn              F - ring of wizardry

@: mighty, agile, frozen ramparts, stab, very slightly contaminated, invisible
A: hooves 3, yellow scales 3, powered by death 1, powered by pain 2
a: Potion Petition, Call Merchant, Bribe Branch, Renounce Religion


You were on level 2 of the Snake Pit.
You worshipped Gozag.
Gozag was greatly pleased with you.
You visited 4 branches of the dungeon, and saw 24 of its levels.
You also visited: Ice Cave.

You collected 7436 gold pieces.
You spent 143 gold pieces at shops.
You paid 1766 gold pieces to Gozag.

Inventory:

Hand Weapons
 a - a +4 dagger of electrocution (weapon)
 b - the +3 short sword of Infinity {flame, rC+ MR+ Int+2}
   (You found it on level 6 of the Lair of Beasts)

   It has been specially enchanted to burn those struck by it, causing extra
   injury to most foes and up to half again as much damage against particularly
   susceptible opponents.
   It affects your intelligence (+2).
   It protects you from cold.
   It affects your resistance to hostile enchantments.
Missiles
 g - 2 throwing nets
 i - 4 javelins (quivered)
 X - 10 curare-tipped darts
Armour
 t - a +2 hat of magic resistance (worn)
 x - a +2 robe of the Archmagi (worn)
 G - a +0 buckler (worn)
 N - the +2 cloak of Jegh (worn) {Str+2 Dex+2 Slay+3}
   (You found it on level 4 of the Lair of Beasts)

   It affects your strength (+2).
   It affects your dexterity (+2).
   It affects your accuracy and damage with ranged weapons and melee attacks
   (+3).
 Q - a +2 robe of resistance
Magical Staves
 u - an uncursed staff of conjuration
Jewellery
 d - a ring of poison resistance (left hand)
 m - an amulet of the acrobat (around neck)
 p - an uncursed ring of ice
 y - an uncursed ring of see invisible
 z - an uncursed ring of magical power
 D - an uncursed ring of protection from magic
 E - a +4 ring of slaying
 F - a ring of wizardry (right hand)
Wands
 c - a wand of enslavement (13)
 s - a wand of paralysis (21)
 C - a wand of disintegration (63)
 M - a wand of digging (8)
 P - a wand of iceblast (26)
Scrolls
 h - 5 scrolls of fog
 j - 3 scrolls of amnesia
 l - 11 scrolls of remove curse
 o - 10 scrolls of fear
 q - 8 scrolls of teleportation
 r - 8 scrolls of magic mapping
 A - 6 scrolls of blinking
 L - 4 scrolls of immolation
 Z - a scroll of vulnerability
Potions
 e - 4 potions of heal wounds
 f - 4 potions of invisibility
 k - 7 potions of curing
 v - 3 potions of magic {unknown}
 w - a potion of ambrosia
 B - 7 potions of stabbing
 H - 2 potions of flight
 I - 3 potions of haste
 J - a potion of brilliance {unknown}
 K - 3 potions of cancellation
 S - 2 potions of berserk rage
 T - 5 potions of mutation
 U - 3 potions of might
 V - a potion of lignification
 W - a potion of resistance
Miscellaneous
 n - a phial of floods
 O - a tin of tremorstones (3/3)
 R - a condenser vane (2/2)
 Y - a lightning rod (4/4)


   Skills:
 + Level 13.3 Fighting
 - Level 4.0 Short Blades
 - Level 10.0 Dodging
 - Level 1.7 Stealth
 - Level 4.0 Shields
 - Level 11.0 Spellcasting
 - Level 10.0 Conjurations
 - Level 4.0 Summonings
 + Level 13.1 Ice Magic
 - Level 8.0 Air Magic
 - Level 6.0 Evocations


You had 13 spell levels left.
You knew the following spells:

 Your Spells              Type           Power        Failure   Level
a - Freeze                Ice            ####         1%          1
b - Frozen Ramparts       Ice            ######       1%          3
c - Ozocubu's Armour      Ice            #######.     1%          3
d - Hailstorm             Conj/Ice       ######..     1%          4
e - Summon Ice Beast      Ice/Summ       ######..     1%          4
f - Mephitic Cloud        Conj/Pois/Air  ######..     1%          3
g - Freezing Cloud        Conj/Ice/Air   ######....   5%          6

Your spell library contained the following spells:

 Spells                   Type           Power        Failure   Level
 Foxfire                  Conj/Fire      ####         1%          1
 Summon Small Mammal      Summ           ####         1%          1
 Ensorcelled Hibernation  Hex/Ice        ######       1%          2
 Poisonous Vapours        Pois/Air       #####.       1%          2
 Conjure Flame            Conj/Fire      #####...     1%          3
 Animate Skeleton         Necr           ###...       2%          1
 Apportation              Tloc           ###...       2%          1
 Corona                   Hex            ###....      2%          1
 Sticky Flame             Conj/Fire      #####...     3%          4
 Inner Flame              Hex/Fire       ###.....     7%          3
 Lesser Beckoning         Tloc           ###.......   7%          3
 Tukima's Dance           Hex            ###.....     7%          3
 Fireball                 Conj/Fire      #####.....   9%          5
 Silence                  Hex/Air        #####.....   12%         5
 Alistair's Intoxication  Tmut/Pois      ###......    52%         5
 Borgnjor's Vile Clutch   Necr/Erth      ###.......   52%         5
 Shadow Creatures         Summ           N/A          52%         6
 Invisibility             Hex            ###.....     96%         6


Dungeon Overview and Level Annotations

Branches:
Dungeon (15/15)            Temple (1/1) D:5            Lair (6/6) D:10
  Swamp (0/4) Lair:2        Snake (2/4) Lair:4        Slime (0/5) Lair:6
    Orc (0/2) D:12         Vaults (0/5) D:13         Depths (0/5) D:15
  IceCv (visited)

Altars:
Ashenzari
Cheibriados
Dithmenos
Elyvilon
Fedhas
Gozag
Hepliaklqana
Kikubaaqudgha
Makhleb
Nemelex Xobeh
Okawaru
Qazlal
Ru
Sif Muna
Trog
Uskayaw
Vehumet
Wu Jian
Xom
Yredelemnul
Zin
The Shining One
Jiyva

Shops:
D:4 *?   D:12 :

Portals:
Trove: D:12 (give 9 potions of haste)

Annotations:
D:14 1 runed translucent door, Zoragon's ghost, journeyman OgTm
Lair:5 3 runed translucent doors, Ziron's ghost, journeyman DrWn
Snake:2 Asterion


Innate Abilities, Weirdness & Mutations

You have hooves in place of feet.
You are completely covered in yellow scales. (AC +4, rCorr)
You regenerate a little health from kills.
You sometimes gain power by taking damage.


Message History

Casting: Hailstorm (safe; 1% risk of failure)
Confirm with . or Enter, or press ? or * to list all spells.
You can't see any susceptible monsters within range! (Use Z to cast anyway.) Unknown command.
You hit Asterion. Asterion blocks your attack.
Asterion is severely wounded.
The Executioner resists.
The wall freezes the Executioner.
You block the Executioner's attack. The Executioner completely misses you.
The Executioner hits you but does no damage.
Asterion is engulfed in freezing vapours.
Asterion misses you. Asterion gores you.
The Executioner completely resists.
The wall freezes the Executioner but do no damage.
The Executioner hits you!
You focus on the pain.
You feel your power returning. The Executioner barely misses you.
The Executioner hits you.
Asterion is engulfed in freezing vapours.
Asterion hits you with a +0 demon blade of electrocution!!
* * * LOW HITPOINT WARNING * * *
You are electrocuted!
You die...
Your body crumbles into a pile of gold.

#..###.)......=..............
#..#...).....................
#...)..##)....................
......###.....................
.....####)))..................
......#.....).................
.........##.......§§§.........
.........#.......H§§§.........
.....#...#......@1§§§.§§......
...#####......#######§○§......
..## ##....# ##........ ..#
#....# ##....... ..# #....#
....... ....... #...... ......
......


You could see Asterion (fast) and an Executioner (summoned, fast).

Vanquished Creatures
  Kirke (D:14)
  Aizul (Snake:2)
  Nessos (Lair:5)
  Azrael (D:12)
  A white draconian (IceCv)
  A yaktaur captain (D:15)
  Josephine (D:14)
  Erolcha (D:9)
  Harold (D:11)
  A naga warrior (Snake:1)
  A boulder beetle (D:14)
  6 centaur warriors
  7 hydras
  2 catoblepae
  An ogre mage (D:13)
  2 anacondas
  7 two-headed ogres
  A death knight (D:15)
  5 death yaks
  2 shock serpents (Snake:2)
  2 naga sharpshooters (Snake:1)
  Nergalle (Lair:3)
  5 skeletal warriors
  4 naga ritualists
  5 unseen horrors
  A lindwurm (Lair:6)
  A phantasmal warrior (D:15)
  Pikel (D:7)
  A mana viper (Snake:1)
  4 deep elf magi
  2 salamanders
  An orb spider (shapeshifter) (D:14)
  2 ugly things
  3 manticores
  9 elephants (Lair:6)
  3 cyclopes
  4 centaur zombies
  A torpor snail (Lair:6)
  4 naga magi
  19 black mambas
  14 cane toads
  A kobold demonologist (D:11)
  An ice statue (IceCv)
  4 yaktaurs (D:15)
  3 rime drakes (Lair:6)
  6 komodo dragons
  2 freezing wraiths
  A tyrant leech (Lair:2)
  A harpy zombie (D:14)
  9 trolls
  16 polar bears
  6 slime creatures (D:12)
  20 blink frogs
  5 fire elementals (D:12)
  A shadow (D:12)
  13 wraiths
  4 wyverns
  3 vampires
  51 yaks
  6 vampire mosquitoes
  5 basilisks
  5 hogs (D:14)
  Edmund (D:4)
  An acid dragon (D:15)
  13 water moccasins
  16 nagas
  3 hell hounds (D:12)
  2 ice beasts
  5 orc warriors
  3 ogres
  4 sky beasts
  2 phantoms
  An eye of draining (D:10)
  14 wolves
  27 centaurs
  2 lemures (D:7)
  11 big kobolds
  22 bullfrogs
  3 wyvern skeletons
  A water moccasin skeleton (D:8)
  6 scorpions
  6 killer bees
  8 wights
  2 howler monkeys
  An electric eel (Lair:5)
  A quasit (D:12)
  4 bullfrog zombies
  9 hounds
  2 jellies
  10 orc priests
  3 bullfrog skeletons
  5 centaur skeletons
  Crazy Yiuf (D:2)
  2 iguanas
  Natasha (thrice) (D:4)
  16 orc wizards
  4 hell rats
  14 worker ants
  A hound zombie (D:5)
  5 worker ant zombies
  Robin (D:2)
  11 gnolls
  13 adders
  15 white imps
  2 ufetubi
  2 oozes (D:3)
  An adder zombie (D:5)
  2 adder skeletons
  2 worms (D:3)
  A dart slug (D:2)
  7 leopard geckos
  35 orcs
  11 bats
  5 giant cockroaches
  15 goblins
  10 hobgoblins
  3 quokkas
  A ball python (D:1)
  5 frilled lizards
  A jackal zombie (D:6)
  44 kobolds
  A quokka zombie (D:6)
  10 rats
726 creatures vanquished.

Vanquished Creatures (collateral kills)
  Rupert (Lair:5)
  Gastronok (Lair:1)
  2 hydras (Lair:4)
  Fannar (D:11)
  2 naga warriors (Snake:1)
  Erica (Lair:1)
  A catoblepas (Lair:4)
  An anaconda (Snake:1)
  2 death yaks (Lair:4)
  A shock serpent (Snake:1)
  Sonja (Lair:3)
  A salamander (Snake:2)
  A naga mage (Snake:1)
  A cane toad (Lair:1)
  A torpor snail (Lair:4)
  A komodo dragon (Lair:1)
  A tyrant leech (Lair:2)
  2 blink frogs
  Sigmund (D:4)
  A yak (Lair:5)
  4 nagas (Snake:1)
  A water moccasin (Lair:2)
  3 hell rats (Lair:4)
32 creatures vanquished.

Vanquished Creatures (others)
  A black mamba (Snake:2)
  A human (D:14)
  36 fungi
  62 plants
100 creatures vanquished.

Grand Total: 858 creatures vanquished

Notes
Turn   | Place    | Note
-------+----------+-------------------------------------------
     0 | D:1      | polo the Demonspawn Ice Elementalist began the quest for
                  | the Orb.
     0 | D:1      | Reached XP level 1. HP: 13/13 MP: 3/3
   174 | D:1      | Gained mutation: You have large cloven feet. [demonic
                  | ancestry]
   174 | D:1      | Reached XP level 2. HP: 10/19 MP: 0/5
  1067 | D:1      | Gained mutation: You regenerate a little health from kills.
                  | [demonic ancestry]
  1067 | D:1      | Reached XP level 3. HP: 24/24 MP: 4/6
  1072 | D:1      | Learned a level 3 spell: Frozen Ramparts
  1343 | D:2      | Noticed Robin
  1385 | D:2      | Learned a level 3 spell: Ozocubu's Armour
  1500 | D:2      | Killed Robin
  1500 | D:2      | Reached XP level 4. HP: 29/30 MP: 3/8
  1772 | D:2      | Reached skill level 5 in Ice Magic
  2160 | D:2      | Found a runed translucent door.
  2161 | D:2      | Noticed Crazy Yiuf
  2396 | D:2      | Killed Crazy Yiuf
  2588 | D:3      | Reached XP level 5. HP: 31/35 MP: 9/9
  2886 | D:3      | Gained mutation: You have hoof-like feet. [demonic
                  | ancestry]
  2886 | D:3      | Reached XP level 6. HP: 28/41 MP: 7/11
  3229 | D:3      | Reached XP level 7. HP: 45/46 MP: 9/13
  3246 | D:3      | Learned a level 4 spell: Hailstorm
  3922 | D:4      | Found Dotwimm's Magic Scroll Shoppe.
  3927 | D:4      | Bought a scroll of identify for 28 gold pieces
  3938 | D:4      | Noticed Natasha
  3950 | D:4      | Killed Natasha
  3978 | D:4      | Noticed Natasha
  3985 | D:4      | Killed Natasha
  4021 | D:4      | Noticed Natasha
  4028 | D:4      | Killed Natasha
  4082 | D:4      | Reached skill level 5 in Spellcasting
  4219 | D:4      | Noticed Edmund
  4239 | D:4      | Learned a level 4 spell: Summon Ice Beast
  4248 | D:4      | Killed Edmund
  4248 | D:4      | Reached XP level 8. HP: 53/53 MP: 9/15
  4312 | D:4      | Noticed Sigmund
  4324 | D:4      | Killed Sigmund
  4324 | D:4      | Reached skill level 1 in Fighting
  4324 | D:4      | Reached skill level 1 in Summonings
  4686 | D:4      | Found Kuirchex's Assorted Antiques.
  4694 | D:4      | Bought an opal ring for 115 gold pieces
  4785 | D:5      | Entered Level 5 of the Dungeon
  5001 | D:5      | Found a staircase to the Ecumenical Temple.
  5011 | Temple   | Entered the Ecumenical Temple
  5479 | D:5      | Found a broken altar of Ashenzari.
  5606 | D:5      | Found a shimmering altar of Xom.
  5811 | D:6      | Reached skill level 5 in Fighting
  6359 | D:6      | Reached XP level 9. HP: 61/69 MP: 16/16
  6725 | D:7      | Noticed Pikel
  6733 | D:7      | Killed Pikel
  7491 | D:7      | Found a blossoming altar of Fedhas.
  7828 | D:8      | Noticed a cyclops
  7837 | D:8      | Killed a cyclops
  7971 | D:8      | Gained mutation: You are partially covered in yellow
                  | scales. (AC +2) [demonic ancestry]
  7971 | D:8      | Reached XP level 10. HP: 79/79 MP: 11/17
  8032 | D:8      | Found an opulent altar of Gozag.
  8160 | D:8      | Found an ancient bone altar of Kikubaaqudgha.
  8780 | D:9      | Noticed Erolcha
  8786 | D:9      | Killed Erolcha
  8786 | D:9      | Reached skill level 5 in Dodging
  8927 | D:9      | Found a shimmering blue altar of Sif Muna.
  9009 | D:8      | Became a worshipper of Gozag Ym Sagoz the Greedy
  9332 | D:9      | Found a sacrificial altar of Ru.
  9333 | D:9      | Found a basalt altar of Yredelemnul.
  9684 | D:10     | Entered Level 10 of the Dungeon
  9706 | D:10     | Reached skill level 10 in Ice Magic
  9737 | D:10     | Reached skill level 1 in Shields
  9809 | D:10     | Killed an unseen horror
  9957 | D:10     | Found a shadowy altar of Dithmenos.
 10278 | D:10     | Gained mutation: You have hooves in place of feet. [demonic
                  | ancestry]
 10278 | D:10     | Reached XP level 11. HP: 86/86 MP: 18/18
 10423 | D:10     | Found a staircase to the Lair.
 10706 | D:11     | Noticed a sixfirhy
 10951 | D:11     | Noticed a purple ugly thing
 10964 | D:11     | Killed a purple ugly thing
 10964 | D:11     | Reached skill level 1 in Short Blades
 11110 | D:11     | Noticed Harold
 11122 | D:11     | Killed Harold
 11376 | D:11     | Noticed Fannar
 11405 | D:11     | Killed Fannar
 11710 | D:11     | Found a hide-covered altar of Uskayaw.
 12158 | D:12     | Noticed a green ugly thing
 12213 | Lair:1   | Entered Level 1 of the Lair of Beasts
 12328 | Lair:1   | Reached skill level 10 in Fighting
 12621 | Lair:1   | Noticed Gastronok
 12644 | Lair:1   | Killed Gastronok
 12644 | Lair:1   | Gained mutation: You sometimes gain a little power by
                  | taking damage. [demonic ancestry]
 12644 | Lair:1   | Reached XP level 12. HP: 97/97 MP: 6/24
 12758 | Lair:1   | Noticed Erica
 12772 | Lair:1   | Killed Erica
 14475 | Lair:2   | Found a staircase to the Swamp.
 14921 | Lair:2   | Learned a level 3 spell: Mephitic Cloud
 14940 | Lair:3   | Noticed Nergalle
 14966 | Lair:3   | Killed Nergalle
 14980 | Lair:3   | Reached skill level 1 in Air Magic
 15132 | Lair:3   | Noticed Sonja
 15143 | Lair:3   | Killed Sonja
 15602 | Lair:3   | Reached skill level 10 in Dodging
 15991 | Lair:3   | Reached skill level 5 in Conjurations
 16488 | Lair:4   | Noticed a death yak
 16489 | Lair:4   | Noticed a death yak
 16491 | Lair:4   | Noticed a death yak
 16546 | Lair:4   | Killed a death yak
 16546 | Lair:4   | Gained mutation: You are mostly covered in yellow scales.
                  | (AC +3) [demonic ancestry]
 16546 | Lair:4   | Reached XP level 13. HP: 104/104 MP: 8/25
 16821 | Lair:4   | Found the cursed +13 scythe of Curses {drain, *Curse}
 17129 | Lair:4   | Learned a level 6 spell: Freezing Cloud
 17375 | Lair:4   | Found a staircase to the Snake Pit.
 17425 | Lair:4   | Found a runed translucent door.
 17770 | Lair:4   | Got a bloodstained cloak
 17781 | Lair:4   | Identified the +2 cloak of Jegh {Str+2 Dex+2 Slay+3} (You
                  | found it on level 4 of the Lair of Beasts)
 18308 | Lair:5   | Noticed Nessos
 18334 | Lair:5   | Killed Nessos
 18814 | Lair:5   | Found a runed translucent gate.
 18814 | Lair:5   | Found a runed translucent gate.
 18814 | Lair:5   | Found a runed translucent gate.
 18814 | Lair:5   | Noticed a death ooze
 18815 | Lair:5   | Noticed a death ooze
 18815 | Lair:5   | Noticed Ziron's ghost (journeyman DrWn)
 19082 | Lair:5   | Found a viscous altar of Jiyva.
 19102 | Lair:6   | Entered Level 6 of the Lair of Beasts
 19720 | Lair:6   | Found a staircase to the Slime Pits.
 19720 | Lair:6   | Found a viscous altar of Jiyva.
 19745 | Lair:6   | Reached skill level 5 in Air Magic
 19976 | Lair:6   | Noticed Rupert
 20098 | Lair:5   | Killed Rupert
 20206 | Lair:6   | Reached XP level 14. HP: 53/115 MP: 21/26
 20511 | Lair:6   | Got a glimmering short sword
 20519 | Lair:6   | Identified the +3 short sword of Infinity {flame, rC+ MR+
                  | Int+2} (You found it on level 6 of the Lair of Beasts)
 21345 | D:12     | You fall into a shaft and drop 1 floor!
 21409 | D:13     | You fall into a shaft and drop 1 floor!
 21435 | D:14     | Reached skill level 1 in Evocations
 21631 | D:14     | Noticed Kirke
 22135 | D:12     | Found a staircase to the Orcish Mines.
 22305 | D:12     | Noticed Azrael
 22315 | D:12     | Killed Azrael
 22539 | D:12     | Found a portal to a secret trove of treasure.
 22736 | D:12     | Found an ancient bone altar of Kikubaaqudgha.
 22747 | D:12     | Reached skill level 5 in Evocations
 22996 | D:12     | Reached skill level 10 in Spellcasting
 23890 | D:13     | Found a gate to the Vaults.
 24801 | D:14     | Killed Kirke
 24883 | D:14     | Found a blossoming altar of Fedhas.
 25306 | D:14     | Found a runed translucent door.
 25363 | D:14     | Gained mutation: You are completely covered in yellow
                  | scales. (AC +4, rCorr) [demonic ancestry]
 25363 | D:14     | Reached XP level 15. HP: 120/120 MP: 19/29
 25449 | D:14     | Identified the +7 spear "Plog" {pain, Str+2 Dex+3}
 25663 | D:14     | Noticed Zoragon's ghost (journeyman OgTm)
 26181 | D:14     | Noticed Josephine
 26190 | D:14     | Killed Josephine
 26577 | D:15     | Entered Level 15 of the Dungeon
 26829 | D:15     | Found a frozen archway.
 26911 | IceCv    | Entered an ice cave
 28578 | D:15     | Found a staircase to the Depths.
 29585 | Snake:1  | Entered Level 1 of the Snake Pit
 31007 | Snake:2  | Gained mutation: You sometimes gain power by taking damage.
                  | [demonic ancestry]
 31007 | Snake:2  | Reached XP level 16. HP: 114/130 MP: 25/31
 31274 | Snake:2  | Reached skill level 10 in Conjurations
 31540 | Snake:2  | Noticed Aizul
 31572 | Snake:2  | Killed Aizul
 31979 | Snake:2  | Noticed Asterion
 31989 | Snake:2  | Noticed an Executioner
 31992 | Snake:2  | Slain by Asterion

Illustrated notes

Levels and vault maps discovered:
D:1:      minmay_arrival_cross, layout_loops_ring
D:2:      layout_loops_cross, chequers_serial_rivers_small_b, uniq_robin,
          uniq_crazy_yiuf_cottage
D:3:      minmay_goblin_kobold_castle, layout_loops_ring,
          minmay_misc_feat_more_columns
D:4:      minmay_inner_zag, layout_cave_pools, serial_shops, shop, shop,
          sigmund_edmund_badplayer, uniq_natasha
D:5:      layout_basic, lemuel_crystal_altar, minmay_temple_entry_mini_moons,
          basic_altar, chequers_garden, wad_floor_pattern_1
D:6:      layout_loops_ring, nicolae_underground_beach
D:7:      layout_loops_corners, marbit_many_paths, uniq_pikel
D:8:      layout_cave_pods, nicolae_overflow_hidden_temple
D:9:      layout_roguey, minitemple, basic_altar, uniq_erolcha
D:10:     layout_roguey, grunt_lair_entry_orc_guard_hut,
          nicolae_dithmenos_the_darkroom
D:11:     layout_irregular_city, basic_altar, uniq_fannar, uniq_harold
D:12:     layout_irregular_city, orc_0_dummy, enter_trove_2,
          kennysheep_flooded_box, uniq_azrael
D:13:     layout_gridville, david_vaults_2
D:14:     layout_loops_corners, fedhas_altar_4, ebering_ghost_funeral_grove,
          uniq_josephine, uniq_kirke
D:15:     grunt_enter_depths_snipers, layout_loops_corners,
          portal_ice_cave_entry_imps, chequers_serial_rivers_micro_d
Temple:   nicolae_temple_elliptical
Lair:1:   beast_lair_carwin_large_2, layout_chaotic_city, st_stairs_8,
          uniq_gastronok, uniq_erica
Lair:2:   layout_cave_pods, minmay_swamp_entry_worms
Lair:3:   layout_cave_pods, uniq_nergalle, uniq_sonja
Lair:4:   layout_cellular_growth, minmay_snake_entry_guardpost_medium,
          pf_torpor_hydra, lemuel_fruit_fields, grunt_megastairs_5
Lair:5:   layout_gridlike, gammafunk_ghost_ooze, minivault_11, uniq_nessos
Lair:6:   hangedman_lair_in_review, layout_loops_ring, slime_altar_1,
          uniq_rupert
Snake:1:  layout_gridlike
Snake:2:  layout_layer_cave, minmay_shop_grove, uniq_asterion, uniq_roxanne,
          uniq_aizul

Skill      XL: |  1  2  3  4  5  6  7  8  9 10 11 12 13 14 15 16 |
---------------+-------------------------------------------------+-----
Ice Magic      | 4 5 6 7 8 10 12 13 | 13.1
Spellcasting   | 3 4 5 8 10 11 | 11.0
Fighting       | 6 7 8 10 12 13 | 13.3
Conjurations   | 2 4 5 7 8 9 10 | 10.0
Summonings     | 2 4 |  4.0
Dodging        | 4 6 10 | 10.0
Shields        | 4 |  4.0
Short Blades   | 4 |  4.0
Air Magic      | 3 5 6 7 8 |  8.0
Evocations     | 6 |  6.0
Stealth        | |  1.7

Action                   |  1- 3 |  4- 6 |  7- 9 | 10-12 | 13-15 | 16-18 || total
-------------------------+-------+-------+-------+-------+-------+-------++-------
Melee: Unarmed           |    15 |       |       |       |       |       ||    15
       Mace              |    32 |       |       |       |       |       ||    32
       Kick              |     9 |    15 |       |    73 |   225 |     7 ||   329
       Spear             |       |    45 |       |       |       |       ||    45
       Dagger            |       |    45 |   217 |   443 |   665 |    32 ||  1402
Throw: Boomerang         |       |       |     1 |     4 |     5 |       ||    10
       Throwing net      |       |       |       |     1 |       |       ||     1
       Dart              |       |       |       |       |     4 |       ||     4
       Javelin           |       |       |       |       |     1 |     3 ||     4
 Cast: Freeze            |    27 |       |     1 |     2 |       |       ||    30
       Frozen Ramparts   |     5 |    10 |    32 |    60 |   113 |     5 ||   225
       Ozocubu's Armour  |       |     1 |     6 |    12 |    26 |       ||    45
       Summon Ice Beast  |       |       |     1 |    30 |    36 |     4 ||    71
       Hailstorm         |       |       |       |     3 |    57 |     2 ||    62
       Mephitic Cloud    |       |       |       |       |     5 |       ||     5
       Freezing Cloud    |       |       |       |       |     4 |    18 ||    22
Invok: Call Merchant     |       |       |       |       |     1 |       ||     1
       Potion Petition   |       |       |       |       |       |     1 ||     1
Evoke: Tin of tremorston |       |       |       |     1 |       |       ||     1
       Condenser vane    |       |       |       |       |     1 |       ||     1
       Wand              |       |       |       |       |     1 |       ||     1
  Use: Scroll            |       |       |    12 |     8 |    15 |       ||    35
       Potion            |       |       |       |       |     2 |     1 ||     3
 Stab: Distracted        |     1 |       |       |     1 |     1 |       ||     3
       Sleeping          |       |     2 |     7 |     5 |     4 |       ||    18
       Confused          |       |       |       |       |     6 |       ||     6
Armor: Robe              |    36 |    36 |    48 |    89 |   171 |     8 ||   388
Dodge: Dodged            |    71 |    44 |   121 |   291 |   676 |    49 ||  1252
Block: Other             |       |     4 |    49 |    28 |       |       ||    81
       Reflection        |       |       |     4 |     6 |     1 |       ||    11
       Buckler           |       |       |       |   137 |   186 |    18 ||   341

Table legend: (Time is in decaauts)
 A = Elapsed time spent in this place.
 B = Non-inter-level travel time spent in this place.
 C = Inter-level travel time spent in this place.
 D = Time resting spent in this place.
 E = Time spent auto-exploring this place.
 F = Levels seen in this place.
 G = Mean time per level.
                   A        B        C        D        E       F      G
               +--------+--------+--------+--------+--------+-----+--------+
         Total |  31879 |  30496 |   1383 |   1317 |  23023 |  25 | 1275.2 |
       Dungeon |  19407 |  18581 |    826 |    403 |  14372 |  15 | 1293.8 |
        Temple |    140 |    121 |     19 |      0 |    121 |   1 |  140.0 |
          Lair |   9330 |   8843 |    487 |    478 |   6846 |   6 | 1555.0 |
     Snake Pit |   2178 |   2128 |     50 |    379 |   1307 |   2 | 1089.0 |
      Ice Cave |    822 |    822 |      0 |     57 |    377 |   1 |  822.0 |
               +--------+--------+--------+--------+--------+-----+--------+

Top non-repeatable levels by time:
    D:14: 2073 daAuts
    D:13: 1947 daAuts
  Lair:4: 1913 daAuts
    D:15: 1800 daAuts
  Lair:6: 1674 daAuts
  Lair:5: 1546 daAuts
  Lair:2: 1527 daAuts
  Lair:3: 1439 daAuts
    D:11: 1417 daAuts
     D:3: 1414 daAuts
    D:12: 1406 daAuts
     D:1: 1343 daAuts
  Lair:1: 1229 daAuts
    D:10: 1191 daAuts
     D:2: 1187 daAuts
